 Dungeon Crawl Stone Soup version 0.18.1-48-g4cf74bf (webtiles) character file.

74 Nadrilmar the Conjurer (level 4, -7/24 HPs)
             Began as a Deep Elf Conjurer on Sept 3, 2016.
             Mangled by a goblin
             ... wielding a +0 club
             ... led by Robin
              (9 damage)
             ... on level 2 of the Dungeon.
             The game lasted 00:18:01 (2153 turns).

Nadrilmar the Conjurer (Deep Elf Conjurer)          Turns: 2153, Time: 00:18:02

Health: -7/24      AC:  2    Str:  5    XL:     4   Next: 9%
Magic:  7/12       EV: 13    Int: 21    God:
Gold:   110        SH:  0    Dex: 15    Spells: 3 memorised, 5 levels left

rFire  . . .     SeeInvis .     j - +0 dagger (curse)
rCold  . . .     Gourm    .     n - +0 robe
rNeg   . . .     Faith    .     (no shield)
rPois  .         Spirit   .     (no helmet)
rElec  .         Dismiss  .     (no cloak)
rCorr  .         Reflect  .     (no gloves)
SustAt .         Harm     .     (no boots)
MR     .....                    (no amulet)
Stlth  ++........               (no ring)
                                (no ring)

@: not resistant to hostile enchantments, unstealthy
A: no striking features
a: no special abilities


You were on level 2 of the Dungeon.
You were not hungry.

You visited 1 branch of the dungeon, and saw 2 of its levels.

You collected 110 gold pieces.

Inventory:

Hand Weapons
 j - a cursed +0 dagger (weapon)
Armour
 a - a +0 robe
 n - a +0 robe (worn)
Scrolls
 e - a scroll of identify
 k - a scroll of fear {unknown}
 l - a scroll of amnesia {unknown}
 m - a scroll of enchant armour {unknown}
 r - a scroll of recharging
Potions
 i - 2 potions of lignification
 o - a potion of berserk rage {unknown}
 p - a potion of might {unknown}
Books
 b - a book of Conjurations

   Spells                             Type                      Level
   a - Magic Dart                     Conjuration                  1
   b - Searing Ray                    Conjuration                  2
   c - Dazzling Spray                 Conjuration/Hexes            3
   d - Fulminant Prism                Conjuration/Hexes            4
   e - Iskenderun's Mystic Blast      Conjuration                  4
   f - Iskenderun's Battlesphere      Conjuration/Charms           5
Comestibles
 c - 5 bread rations
 d - a beef jerky
 f - 2 meat rations
 g - a slice of pizza
 q - 5 fruits


   Skills:
 + Level 2.8 Dodging
 + Level 2.7 Stealth
 + Level 4.1 Spellcasting
 + Level 5.4 Conjurations


You had 5 spell levels left.
You knew the following spells:

 Your Spells              Type           Power        Failure   Level  Hunger
a - Magic Dart            Conj           ####         1%          1    None
b - Searing Ray           Conj           ####..       1%          2    #......
c - Dazzling Spray        Conj/Hex       ###...       14%         3    ###....


Dungeon Overview and Level Annotations

Branches:
Dungeon (2/15)

Altars:

Annotations:
D:2 Robin


Message History

Robin throws the goblin at you!
* * * LOW HITPOINT WARNING * * *
The goblin closely misses you.
Drink which item? (? for menu, Esc to quit)
It was a potion of heal wounds.
You feel much better.
The goblin hits you with a dagger of venom.
The goblin closely misses you. The goblin hits you with a dagger!
The goblin closely misses you. The goblin barely misses you.
The goblin closely misses you. The goblin hits you with a club.
The goblin hits you but does no damage. Robin misses you. The goblin hits you.
* * * LOW HITPOINT WARNING * * *
The goblin unwields an uncursed dagger of venom.
It stops dripping with poison.
The goblin wields a hunting sling.
The goblin shoots a stone.
The stone hits you.
* * * LOW HITPOINT WARNING * * *
The goblin misses you. The goblin barely misses you. Robin misses you.
You see here a stone.
Robin throws the goblin at you! The goblin hits you with a club!
You die...

.≈≈#########..# ..#
.≈≈#..........#...#
...'........).#...#
...'..........#.).#
...'........).#.).#
#≈≈#..........#.†.#
#≈≈#########..##)'#
##≈≈ #...#...g..#
#≈≈≈ +...'.ggg@.#
##≈≈ #...#.gg...#
### ########


You could see Robin and 5 goblins.

Vanquished Creatures
  5 dart slugs
  A giant gecko (D:2)
  5 giant cockroaches
  18 goblins
  2 hobgoblins
  5 jackals
  A quokka (D:2)
  8 bats
  5 giant newts
  3 kobolds
  5 rats
58 creatures vanquished.

Notes
Turn   | Place    | Note
--------------------------------------------------------------
     0 | D:1      | Nadrilmar the Deep Elf Conjurer began the quest for the Orb.
     0 | D:1      | Reached XP level 1. HP: 10/10 MP: 6/6
   535 | D:1      | Reached XP level 2. HP: 15/15 MP: 6/8
   542 | D:1      | Learned a level 2 spell: Searing Ray
   703 | D:1      | Reached skill level 5 in Conjurations
   966 | D:1      | Reached XP level 3. HP: 19/19 MP: 2/9
  1066 | D:1      | Learned a level 3 spell: Dazzling Spray
  2132 | D:2      | Reached XP level 4. HP: 24/24 MP: 9/12
  2136 | D:2      | Noticed Robin
  2153 | D:2      | Mangled by a goblin

Skill      XL: |  1  2  3 |
---------------+----------+-----
Conjurations   | 5 |  5.4
Spellcasting   | 4 |  4.1
Dodging        | |  2.8
Stealth        | |  2.7

Action                   |  1- 3 |  4- 6 || total
-------------------------+-------+-------++-------
Melee: Dagger            |       |     3 ||     3
 Cast: Magic Dart        |    92 |     1 ||    93
       Searing Ray       |     2 |     1 ||     3
  Use: Scroll            |     3 |       ||     3
       Potion            |       |     1 ||     1
  Eat: Bread ration      |     1 |       ||     1
Armor: Robe              |     6 |     5 ||    11
Dodge: Dodged            |    28 |    25 ||    53
